AoeStats
← 已严肃退出多人局

Fortress

509839443Analyzed
4v4 RM · 5d ago on Sep 28, 2026· 54m 56s· 8 players
Game mode
Random Map
Map size
Huge
Population
200
Speed
Normal
Resources
Standard
Victory
Conquest
Starting age
Dark Age
Ending age
Imperial Age
RankedLock teamsTeams togetherTeam positionsShared explorationLock speedFull tech treeHidden civsTurbo modeCheats
Victory
Defeat
🇨🇳 Wei · China
1924
+9
🇭🇰 Gurjaras · Hong Kong SAR China
1866
+11
🇨🇳 Byzantines · China
1796
+14
🇨🇳 Aztecs · China
1748
+16
🇨🇳 Burmese · China
1831
-16
🇨🇳 Portuguese · China
1789
-14
🇫🇮 Teutons · Finland
1703
-10
🇨🇳 Sicilians · China
1695
-10
小白
7:04 Feudal Age
10:48 Castle Age
8:57 Double-Bit Axe
9:11 Horse Collar
11:54 Bow Saw
13:18 Heavy Plow
13:24 Loom
18:10 Gold Mining
20:12 Wheelbarrow
26:24 Imperial Age
24:39 Ballistics
24:21 Padded Archer Armor
25:07 Hand Cart
26:32 Leather Archer Armor
28:17 Chemistry
27:23 Fletching
28:00 Bodkin Arrow
30:03 Ring Archer Armor
29:44 Siege Engineers
30:10 Conscription
30:36 Elite Skirmisher
32:39 Bracer
32:55 Arquebus
34:21 Thumb Ring
35:34 Two-Man Saw
35:05 Crop Rotation
34:30 Stone Mining
34:22 Treadmill Crane
34:53 Masonry
154985415164
7:09 Feudal Age
10:54 Castle Age
9:10 Horse Collar
11:54 Heavy Plow
15:57 Wheelbarrow
24:23 Imperial Age
21:40 Loom
23:08 Ballistics
22:50 Husbandry
23:50 Bloodlines
24:03 Light Cavalry
25:35 Conscription
25:18 Padded Archer Armor
25:59 Hand Cart
26:25 Fortified Wall
26:17 Elite Arambai
27:17 Fletching
28:49 Scale Barding Armor
29:52 Crop Rotation
29:27 Manipur Cavalry
28:59 Hussar
30:57 Chain Barding Armor
32:32 Plate Barding Armor
32:54 Caravan
35:05 Chemistry
34:30 Forging
39:21 Iron Casting
41:58 Blast Furnace
Kaarlos
6:48 Feudal Age
10:49 Castle Age
8:44 Double-Bit Axe
8:56 Horse Collar
11:48 Bow Saw
17:28 Heavy Plow
17:35 Loom
18:46 Wheelbarrow
20:23 Fletching
20:39 Gold Mining
20:39 Stone Mining
20:58 Bodkin Arrow
21:56 Stone Mining
22:30 Masonry
22:40 Ballistics
23:21 Hand Cart
23:43 Stone Shaft Mining
23:43 Fortified Wall
27:20 Imperial Age
25:56 Guard Tower
27:01 Forging
26:51 Scale Mail Armor
27:03 Scale Barding Armor
28:15 Iron Casting
29:05 Chemistry
28:28 Crenellations
28:29 Conscription
28:32 Chain Mail Armor
28:14 Arrowslits
28:58 Bloodlines
28:09 Cavalier
28:47 Onager
29:19 Pikeman
30:23 Chain Barding Armor
31:04 Blast Furnace
31:47 Squires
31:08 Halberdier
33:07 Plate Mail Armor
34:24 Conscription
DKDFCD
6:57 Feudal Age
5:59 Loom
11:18 Castle Age
9:38 Double-Bit Axe
9:50 Horse Collar
12:11 Bow Saw
13:47 Heavy Plow
16:04 Fletching
18:01 Town Watch
22:52 Wheelbarrow
23:39 Bodkin Arrow
26:01 Sanctity
26:45 Hand Cart
26:33 Heavy Plow
27:00 Gold Mining
27:04 Stone Mining
31:11 Imperial Age
28:59 Scale Mail Armor
29:10 Forging
30:25 Scale Barding Armor
30:56 Iron Casting
30:59 Gold Shaft Mining
31:02 Bloodlines
30:54 Husbandry
31:19 Cavalier
32:22 Chain Barding Armor
32:25 Conscription
33:02 Guilds
33:30 Plate Barding Armor
34:33 Crop Rotation
38:22 Blast Furnace
38:09 Hoardings
39:31 Light Cavalry
40:50 Hauberk
42:49 Stone Shaft Mining
42:48 Squires
42:34 Arson
42:09 Pikeman
43:24 Halberdier
44:20 Chain Mail Armor
47:09 Plate Mail Armor
50:59 Bracer
53:38 Caravan
55:15 Chemistry
54:36 Ballistics
55:10 Padded Archer Armor
CNZS_Donghaidi
6:42 Feudal Age
7:12 Double-Bit Axe
7:08 Horse Collar
7:24 Gold Mining
10:03 Wheelbarrow
13:37 Castle Age
11:46 Stone Mining
13:45 Scale Barding Armor
14:47 Bow Saw
15:19 Gold Shaft Mining
15:24 Forging
19:21 Bloodlines
19:10 Loom
20:39 Husbandry
20:53 Heavy Plow
21:10 Devotion
25:58 Hand Cart
30:51 Imperial Age
29:19 Town Watch
30:45 Stone Shaft Mining
31:28 Chain Barding Armor
31:43 Iron Casting
31:56 Conscription
32:19 Crop Rotation
33:28 Elite Tiger Cavalry
36:53 Blast Furnace
37:41 Ming Guang Armor
40:34 Light Cavalry
44:38 Heavy Hei Guang Cavalry
46:07 Hoardings
45:33 Tuntian
51:59 Caravan
ique大爷
7:26 Feudal Age
11:07 Castle Age
9:56 Double-Bit Axe
9:52 Horse Collar
12:18 Bow Saw
17:34 Wheelbarrow
17:00 Town Watch
18:11 Heavy Plow
18:54 Stone Mining
19:45 Gold Mining
21:20 Loom
21:51 Hand Cart
22:26 Scale Mail Armor
25:21 Imperial Age
23:14 Forging
24:11 Fletching
24:37 Chain Mail Armor
24:47 Arson
25:34 Squires
26:18 Iron Casting
27:50 Plate Mail Armor
26:50 Capped Ram
29:00 Elite Jaguar Warrior
30:01 Conscription
31:09 Blast Furnace
31:33 Crop Rotation
30:42 Siege Ram
31:48 Siege Engineers
31:53 Bodkin Arrow
33:07 Garland Wars
34:07 Chemistry
32:48 Treadmill Crane
33:29 Ballistics
38:06 Sappers
38:37 Atlatl
38:35 Murder Holes
38:51 Fortified Wall
38:27 Arrowslits
39:16 Coinage
38:49 Caravan
39:53 Gold Shaft Mining
39:54 Stone Shaft Mining
38:43 Eagle Warrior
40:40 Guard Tower
42:42 Banking
46:16 Elite Eagle Warrior
54:44 Heated Shot
55:07 Clinker Construction
55:03 Padded Archer Armor
55:16 Bracer
55:08 Gambesons
54:44 Pikeman
RTMaxwell
7:39 Feudal Age
8:40 Double-Bit Axe
11:14 Castle Age
9:33 Horse Collar
12:12 Bow Saw
12:41 Heavy Plow
18:03 Wheelbarrow
19:23 Hand Cart
19:50 Gold Mining
20:14 Loom
20:23 Stone Mining
21:48 Gold Shaft Mining
25:25 Imperial Age
23:14 Scale Barding Armor
23:55 Forging
24:22 Chain Barding Armor
24:02 Scale Mail Armor
24:27 Squires
23:47 Pikeman
25:58 Iron Casting
25:30 Fletching
25:40 Padded Archer Armor
25:31 Elite Skirmisher
26:34 Conscription
26:38 Bodkin Arrow
27:27 Plate Barding Armor
27:19 Leather Archer Armor
28:16 Chemistry
27:39 Husbandry
27:41 Bracer
29:00 Ballistics
29:10 Ring Archer Armor
29:48 Chain Mail Armor
29:35 Caravan
29:33 Elite Cataphract
31:16 Logistica
32:19 Crop Rotation
33:36 Heavy Camel Rider
35:51 Hoardings
44:05 Pikeman
49:25 Two-Man Saw
48:56 Plate Mail Armor
48:44 Arson
48:59 Gambesons
48:37 Elite Varangian Guard
51:57 Onager
53:25 Murder Holes
53:10 Treadmill Crane
已严肃退出多人局
7:06 Feudal Age
8:46 Double-Bit Axe
11:39 Castle Age
9:47 Horse Collar
12:31 Heavy Plow
12:42 Bow Saw
15:59 Wheelbarrow
18:35 Gold Mining
19:49 Hand Cart
21:08 Loom
24:47 Imperial Age
22:24 Scale Barding Armor
22:14 Fletching
22:25 Padded Archer Armor
22:24 Town Watch
23:41 Bodkin Arrow
24:01 Leather Archer Armor
24:08 Thumb Ring
24:59 Gold Shaft Mining
25:13 Bloodlines
25:03 Husbandry
25:34 Ballistics
25:53 Conscription
26:03 Bracer
27:29 Chemistry
27:57 Kshatriyas
28:03 Caravan
28:17 Elite Elephant Archer
30:05 Coinage
30:56 Hoardings
31:57 Banking
35:08 Forging
34:58 Scale Mail Armor
35:03 Scale Barding Armor
36:56 Iron Casting
36:23 Town Patrol
36:55 Crop Rotation
36:49 Sanctity
36:40 Redemption
36:30 Atonement
36:40 Fervor
36:50 Chain Mail Armor
37:09 Frontier Guards
36:56 Arson
36:31 Man-at-Arms
38:23 Chain Barding Armor
38:50 Fervor
39:15 Theocracy
38:36 Herbal Medicine
39:06 Illumination
38:41 Devotion
38:35 Long Swordsman
39:58 Plate Mail Armor
39:03 Siege Elephant
39:16 Elite Skirmisher
39:16 Crossbowman
39:27 Heavy Scorpion
41:09 Plate Barding Armor
40:09 Sappers
42:35 Masonry
42:15 Guard Tower
42:05 Treadmill Crane
42:16 Heated Shot
42:06 Treadmill Crane
42:21 Murder Holes
42:37 Fortified Wall
42:37 Clinker Construction
42:37 Careening
42:21 Elite Chakram Thrower
45:10 Elite Shrivamsha Rider
45:10 Light Cavalry
45:17 Heavy Camel Rider
46:28 Architecture
46:43 Keep
46:51 Shipwright
48:52 Carvel Hull
52:00 Heresy
54:12 Stone Mining
54:13 Hussar
54:35 Two-Handed Swordsman
Connection lost

Rejoining the realm…

Still unreachable

The connection could not be restored.

Session expired

The server has moved on; the page needs a fresh start.